 Dungeon Crawl Stone Soup version 0.29.1 (webtiles) character file.

Game seed: 16540463042313943939

114 Icepheonix32 the Insei (level 4, 0/48 HPs)
             Began as a Merfolk Transmuter on Sept 13, 2022.
             Succumbed to an adder's poison
             ... on level 3 of the Dungeon.
             The game lasted 00:03:06 (3643 turns).

Icepheonix32 the Insei (Merfolk Transmuter)         Turns: 3643, Time: 00:03:07

Health: 0/48       AC: 22    Str: 16    XL:     4   Next: 97%
Magic:  4/7        EV:  2    Int: 14    God:
Gold:   96         SH:  0    Dex: 14    Spells: 1/7 levels left

rFire   . . .      SeeInvis .     - Unarmed
rCold   . . .      Faith    .   (no shield)
rNeg    . . .      Spirit   .   (body armour currently unavailable)
rPois   +          Reflect  .   (helmet currently unavailable)
rElec   .          Harm     .   (cloak currently unavailable)
rCorr   .          Rampage  .   (gloves currently unavailable)
Will    .....      NoTele   +   (boots currently unavailable)
Stlth   +.........              (no amulet)
HPRegen 0.16/turn               o - +6 ring of strength
MPRegen 0.10/turn               (no ring)

@: brilliant, lethally poisoned (0 -> -5), tree-form, hasted, invisible, very
quick
A: stationary, stasis, torment immunity, boosted hp, (nimble swimmer 2),
(mertail)
a: no special abilities


You were on level 3 of the Dungeon.
You were a tree.
You visited 1 branch of the dungeon, and saw 3 of its levels.

You collected 96 gold pieces.

Inventory:

Missiles
 g - 4 poisoned darts
Armour
 a - a +0 robe (melded)
 q - a +0 cloak (melded)
Magical Staves
 p - a staff of air
Jewellery
 h - an amulet of faith
 o - a +6 ring of strength (left branch)
Wands
 n - a wand of acid (5)
Scrolls
 c - a scroll of fear {unknown}
 d - 2 scrolls of identify {unknown}
 f - 5 scrolls of brand weapon {unknown}
 i - a scroll of butterflies {unknown}
 k - a scroll of magic mapping {unknown}


   Skills:
 - Level 1.1 Fighting
 + Level 3.5 Dodging
 + Level 5.0 Unarmed Combat
 - Level 2.0 Spellcasting
 + Level 3.8 Transmutations
 * Level 1.0 Poison Magic


You had one spell level left.
You knew the following spells:

 Your Spells              Type           Power      Damage    Failure   Level
a - Beastly Appendage     Tmut           36%        N/A       4%          1
b - Wereblood             Tmut           18%        N/A       8%          2
c - Spider Form           Tmut/Pois      12%        N/A       26%         3

Your spell library contained the following spells:

 Spells                   Type           Power      Damage    Failure   Level
 Magic Dart               Conj           8%         1d3       24%         1
 Call Imp                 Summ           2%         N/A       34%         2
 Mephitic Cloud           Conj/Pois/Air  3%         N/A       52%         3
 Ozocubu's Armour         Ice            2%         N/A       56%         3
 Ice Form                 Ice/Tmut       10%        N/A       71%         4
 Ozocubu's Refrigeration  Ice            1%         4d7       100%        7


Dungeon Overview and Level Annotations

Branches:
Dungeon (3/15)

Altars:
Nemelex Xobeh


Innate Abilities, Weirdness & Mutations

You are a tree.
Your roots penetrate the ground, keeping you stationary.
You cannot be teleported.
You are immune to unholy pain and torment.
Your maximum health is greatly increased.
Your equipment is partially melded.
((You are very nimble when in or above water. (Stealth+, EV+, Speed+++)))
((Your lower body shifts to a powerful aquatic tail in water.))


Message History

You are too injured to fight recklessly!
You are too injured to fight recklessly!
You are too injured to fight recklessly!
You feel sick. The adder bites you.
You are lethally poisoned!
The adder poisons you! The bat completely misses you. The adder bites you.
* * * LOW HITPOINT WARNING * * *
You bite the adder!
You kill the adder!
* * * LOW HITPOINT WARNING * * *
You feel very sick. The bat closely misses you.
Your Unarmed Combat skill increases to level 5!
Your Poison Magic skill increases to level 1!
It was a potion of flight.
You feel very buoyant.
You fly up into the air.
* * * LOW HITPOINT WARNING * * *
You feel very sick. The bat closely misses you.
Really quaff the potion of lignification?
Your transformation has ended.
Your +0 cloak unmelds from your body.
Your +0 robe unmelds from your body.
You turn into a tree.
Your +0 cloak melds into your body.
Your +0 robe melds into your body.
Your roots penetrate the ground.
* * * LOW HITPOINT WARNING * * *
You feel sick. The bat hits you but does no damage.
Unknown command.
It was a potion of haste.
You feel yourself speed up.
* * * LOW HITPOINT WARNING * * *
You feel sick. The bat hits you but does no damage. x2
Unknown command.
It was a potion of brilliance.
You feel clever all of a sudden.
* * * LOW HITPOINT WARNING * * *
You feel sick. The bat barely misses you.
Unknown command.
It was a potion of invisibility.
You fade into invisibility!
You die...

#.#.#.#.# #.#........#
#... #.#.#.#.###
#.#........# ###'
#.#.#.#...#####.#........#
#.
#.#.#.###.....#.#......).#
###. #.#.#.#
#.......#........ #...
#.#.#.# #.#.....+.......
#.#.
##.#.#.###.#.#...#.......
#.#.
....[....#.#.#.#.#.......
# #. ##.#.#.#.#.#.#.#♣..#
#. ...#.#.#.#.#.#.#b..# #.
####.#.#.#.#.#.#.....# #.
.......#.#.#...#.....# #.
####.###.#.#####...?.#
.......#.#.# #.....#
.###.#.#.#.# #.#....
.....#.#.#.# ...=#....#
#.# ######.#.#.##.# #.#.


You could see a bat.

Vanquished Creatures
  3 adders
  2 dart slugs (D:3)
  7 bats
  3 endoplasms (D:1)
  7 giant cockroaches
  6 goblins
  15 hobgoblins
  2 jackals (D:1)
  2 quokkas (D:2)
  9 ball pythons
  6 frilled lizards
  7 kobolds
  7 rats
76 creatures vanquished.

Vanquished Creatures (others)
  A fungus (D:1)
1 creature vanquished.

Grand Total: 77 creatures vanquished

Notes
Turn   | Place    | Note
-------+----------+-------------------------------------------
     0 | D:1      | Icepheonix32 the Merfolk Transmuter began the quest for the
                  | Orb.
     0 | D:1      | Reached XP level 1. HP: 15/15 MP: 3/3
   243 | D:1      | Reached XP level 2. HP: 21/21 MP: 3/5
   361 | D:1      | Found a faded altar of an unknown god.
   725 | D:1      | Reached skill level 4 in Unarmed Combat
   858 | D:1      | Reached XP level 3. HP: 26/26 MP: 4/6
  1209 | D:2      | Learned a level 2 spell: Wereblood
  1213 | D:2      | Learned a level 3 spell: Spider Form
  1397 | D:2      | Found a sparkling altar of Nemelex Xobeh.
  1745 | D:2      | Reached XP level 4. HP: 31/32 MP: 5/7
  3639 | D:3      | Reached skill level 5 in Unarmed Combat
  3639 | D:3      | Reached skill level 1 in Poison Magic
  3641 | D:3      | HP: 2/48 [poisoned by an adder]
  3643 | D:3      | Succumbed to an adder's poison

Illustrated notes

Levels and vault maps discovered:
D:1:      scummos_arrival_checkerplants, layout_loops_ring,
          shapermc_ecumenical_altar_mp_urbaneastern
D:2:      minmay_chambers_of_ones, layout_basic, basic_altar,
          nicolae_figureground_sparkle
D:3:      layout_basic

Skill      XL: |  1  2  3  4 |
---------------+-------------+-----
Transmutations | 3 |  3.8
Dodging        | 3 |  3.5
Unarmed Combat | 4 5 |  5.0
Poison Magic   | 1 |  1.0
Fighting       | |  1.1
Spellcasting   | |  2.0

Action                   |  1- 3 |  4- 6 || total
-------------------------+-------+-------++-------
Melee: Unarmed           |   120 |   106 ||   226
       Headbutt          |    14 |     9 ||    23
       Punch             |     1 |     2 ||     3
 Cast: Beastly Appendage |    32 |    20 ||    52
       Wereblood         |       |     2 ||     2
       Spider Form       |       |     1 ||     1
  Use: Potion            |       |     5 ||     5
 Stab: Sleeping          |     2 |     2 ||     4
Armor: Robe              |    20 |    28 ||    48
       Skin              |       |     3 ||     3
Dodge: Dodged            |    81 |    75 ||   156
